[Event "4NCL Div 2 2024-25"]
[Site "England"]
[Date "2025.02.15"]
[Round "5.13"]
[White "Horton, Jamie A"]
[Black "Paterson, Andrew I"]
[Result "1-0"]
[Annotator "TA"]
[ECO "D31"]
[WhiteElo "2163"]
[BlackElo "1976"]
[PlyCount "99"]
[EventDate "2024.11.23"]
[EventType "team-tourn"]
[EventCountry "ENG"]
[SourceTitle "playchess.com"]
[Source "ChessBase"]
[SourceQuality "1"]
[TimeControl "40/6000+30:3000+30"]

1. d4 d5 2. c4 e6 3. Nc3 c6 4. cxd5 exd5 5. Bf4 Bd6 6. Bxd6 Qxd6 7. Qc2 {[%emt 0:01:39] D31: Queen's Gambit Declined: Semi-Slav without ...Nf6 (+ Marshall Gambit and Noteboom) and Exchange Variation lines without ...Nf6.} Nf6 8. e3 O-O 9. Bd3 {[%emt 0:01:59] The position is equal.} Re8 10. Nf3 b6 11. h3 Ba6 12. O-O Bxd3 13. Qxd3 Nbd7 14. Rac1 Ne4 15. Rc2 h6 $146 ({Predecessor:} 15... Nxc3 16. Rxc3 c5 17. dxc5 bxc5 18. Rd1 Nf6 19. Qc2 Rac8 20. b4 Ne4 21. bxc5 Qa6 {½-½ Sorensen,H (2428)-Oksendal,M (2086) Fagernes op 2024 (2)}) 16. Rfc1 Nxc3 17. Rxc3 c5 18. b3 a5 19. Rd1 Nf6 20. Rc2 a4 21. Qb5 axb3 22. axb3 Ne4 23. Qd3 Red8 24. Nd2 Ra3 25. dxc5 Nxc5 26. Qb5 Qg6 27. Rcc1 d4 28. exd4 Rxd4 29. Nf3 Rxd1+ (29... Rxb3 $2 30. Qe8+ (30. Nxd4 $2 Rxb5 31. Nxb5 Nd3 $19) 30... Kh7 31. Nxd4 $18) 30. Rxd1 Rxb3 31. Qe8+ Kh7 32. Rd8 $1 Qf6 (32... Rxf3 33. Qh8#) 33. Qg8+ Kg6 $132 {[%emt 0:00:07][%mdl 2048] ( -> ...Rb1+) Black is not keeping still} 34. Rd4 $1 Ne6 35. Rg4+ Kf5 $2 {[%emt 0:02:02] [#]} (35... Ng5 $11 {and Black stays safe.}) 36. Nh4+ (36. Qh7+ g6 $11) (36. Qa8 $1 $18 Rb1+ 37. Kh2) 36... Ke5 $14 37. Qb8+ Kd5 {[%emt 0:00:19] ...Qa1+ would now be deadly.} 38. Qb7+ (38. Nf3 $14 Qc3 39. Qb7+ Kd6 40. Qxf7) 38... Kd6 39. Nf3 {[%emt 0:00:29] Really sharp!} (39. Rc4 $5) 39... Qc3 {[%emt 0:01:19] Repels Nd2} (39... Qe7 $1 $11 40. Qe4 Qf6) 40. Qxf7 $16 {[%emt 0:00:32] aiming for Rg6. White is more active.} Qc7 $2 (40... Rb4 $16) 41. Qf5 (41. Qg6 $18 {has better winning chances.} Qc1+ 42. Kh2 Rxf3 43. gxf3) 41... Qc5 {[%emt 0:20:54] [#]} 42. Qg6 ({Better is} 42. Qe4 $1 $16) 42... Rb4 $1 $14 43. Qd3+ Kc7 (43... Ke7 $11 {remains equal.}) 44. Rg6 $16 Qd6 (44... Qc6 $16) 45. Qf5 $18 Qd1+ 46. Kh2 Qd6+ 47. Ne5 Rf4 48. Qxe6 Qxe6 49. Rxe6 Rxf2 50. Rg6 {[%emt 0:00:33] Weighted Error Value: White=0.24 (precise) /Black=0.37  Loses game:     	---       	Black=3      Mistake:       	White=4     	Black=2      Inaccurate:     	White=3     	Black=3      OK:         	White=13    	Black=16     Best:        	White=5     	Black=2      Strong:       	White=2     	Black=1} 1-0

[Event "4NCL Div 2 2024-25"]
[Site "England"]
[Date "2025.02.15"]
[Round "5.14"]
[White "Patel, Keatan"]
[Black "Tompson, John C"]
[Result "1-0"]
[Annotator "TA"]
[ECO "C77"]
[WhiteElo "1973"]
[BlackElo "2124"]
[PlyCount "50"]
[EventDate "2024.11.23"]
[EventType "team-tourn"]
[EventCountry "ENG"]
[SourceTitle "playchess.com"]
[Source "ChessBase"]
[SourceQuality "1"]
[TimeControl "40/6000+30:3000+30"]

1. e4 e5 2. Nf3 Nc6 3. Bb5 a6 4. Ba4 Nf6 5. d3 b5 6. Bb3 Bc5 7. Nc3 {[%emt 0:00:10] 7.c3 gains popularity.} h6 {[%emt 0:00:58] C77: Ruy Lopez: 3...a6 4 Ba4 Nf6, unusual lines.} 8. Nd5 d6 9. c3 Rb8 {[%emt 0:01:13] The position is equal.} 10. d4 Ba7 11. Be3 {[%emt 0:00:33] [#] Black must now prevent dxe5.} Nxd5 12. Bxd5 Bd7 13. O-O $146 ({Predecessor:} 13. Qd2 Qe7 14. O-O exd4 15. cxd4 Nd8 16. Rfe1 Bg4 17. e5 Kf8 18. Bf4 Ne6 19. exd6 cxd6 {1-0 Gourlay,I (2295)-Durak,C (2350) London Mindsports IM-B 2023 (1)}) 13... O-O 14. Qd2 exd4 {[%emt 0:16:43] [#]} 15. Bxh6 dxc3 (15... Ne5 {keeps more tension.} 16. Bg5 dxc3 17. Bxd8 cxd2 18. Bxc7 Rbc8) 16. Qxc3 {[%emt 0:00:09] A sharp opening} gxh6 17. Bxc6 Bxc6 18. Qxc6 Rb6 19. Qc1 Kh7 20. Qf4 (20. Qc2 $142) 20... Qe7 21. Rac1 c5 {[%emt 0:00:38][%csl Od6,Of7,Oh6] Black has weak pawns} (21... Rbb8 $16 {was necessary.}) 22. Rfd1 $18 {[%emt 0:02:06][%csl Od6][%cal Bf1d1,Bd1d5,Bd5h5][%mdl 32] White attacks a weakness} Bb8 23. Rd5 Rg8 24. Rh5 Rg6 25. Nh4 {[%emt 0:01:57] White has more active pieces.} d5 {[%emt 0:00:00] Weighted Error Value: White=0.13 (very precise) /Black=0.17 (very precise)   Mistake:       	White=1     	Black=1      Inaccurate:     	White=1     	Black=3      OK:         	White=8     	Black=6      Best:        	---       	Black=1} 1-0

[Event "4NCL Div 2 2024-25"]
[Site "England"]
[Date "2025.02.15"]
[Round "5.15"]
[White "Pedersen, Carsten"]
[Black "Baer, Bruce L"]
[Result "1/2-1/2"]
[Annotator "TA"]
[ECO "B06"]
[WhiteElo "2029"]
[BlackElo "1962"]
[PlyCount "88"]
[EventDate "2024.11.23"]
[EventType "team-tourn"]
[EventCountry "ENG"]
[SourceTitle "playchess.com"]
[Source "ChessBase"]
[SourceQuality "1"]
[TimeControl "40/6000+30:3000+30"]

1. e4 g6 2. d4 Bg7 3. Nc3 a6 4. g3 b5 5. Bg2 Bb7 6. h4 $146 {[%emt 0:02:25] B06: Modern Defence.} ({Predecessor:} 6. a3 d6 7. Nge2 Nd7 8. O-O c5 9. Be3 Rc8 10. dxc5 Nxc5 11. Bd4 Bxd4 12. Nxd4 {0-1 Woodward,A (2544)-Nakamura,H (2802) Titled Tuesday intern op 04th Feb Early blitz 2025 (9)}) 6... Nf6 7. Bf3 d5 $1 8. e5 {[%emt 0:07:58] White has an edge.} Ne4 9. Qe2 Nc6 10. Be3 Nxc3 11. bxc3 Na5 {[%emt 0:00:38] [#]} 12. e6 f5 (12... fxe6 $11 13. Bf4 c5) 13. Bf4 (13. Nh3 $14) 13... Nc4 $11 14. h5 c5 15. hxg6 (15. Rd1 $11) 15... Qa5 $1 $15 16. Bd2 (16. gxh7 $2 Qxc3+ (16... cxd4 $2 17. Kf1 $16) 17. Kf1 Qxa1+ $19) 16... hxg6 17. Rxh8+ Bxh8 18. Bh5 O-O-O (18... gxh5 19. Qxh5+ Kd8 20. Qxh8+ Kc7 21. Qh7 $18) (18... cxd4 19. cxd4 (19. Bxg6+ Kd8 $11) 19... Qb6 20. Bxg6+ Kd8 21. Bxf5 Qxd4 22. Rd1 Nxd2 23. Rxd2 $16) 19. Bxg6 {[%emt 0:00:14][%csl Oc4] Strong Square Black (c4)} Nxd2 (19... f4 {keeps more tension.} 20. g4 cxd4 21. cxd4 Qb6) 20. Qxd2 cxd4 21. cxd4 Qxd2+ 22. Kxd2 {[%emt 0:00:02][%cal Og1f3] aiming for Nf3!.} Bxd4 23. Rf1 Rf8 $1 24. Ne2 Be5 (24... Bc5 $15) 25. c3 (25. f4 $11 Bd6 26. Rh1) 25... Kc7 26. f4 Bh8 27. Nd4 (27. Rf2 $15 {should be considered.}) 27... Bxd4 {[%emt 0:00:41] Black is better.} 28. cxd4 $17 {[%emt 0:00:02][%mdl 4096] Endgame KRB-KRB} Kd6 29. Bf7 Rh8 30. Re1 Rh2+ 31. Re2 Rxe2+ 32. Kxe2 {[%emt 0:00:07] [#] KB-KB} Bc8 $1 33. a3 Bxe6 34. Bg6 Bd7 35. Kd3 e6 36. Kc3 a5 37. Bh5 Ke7 38. Be2 Kf6 39. Bh5 Kg7 40. Kb3 Kf8 41. Kc3 Be8 42. Be2 Kg7 43. Bf3 Kh6 44. Be2 Bd7 {[%emt 0:03:11] Weighted Error Value: White=0.14 (very precise) /Black=0.08 (flawless)   Mistake:       	White=5     	Black=2      Inaccurate:     	White=3     	Black=3      OK:         	White=17    	Black=14     Best:        	White=2     	Black=4      Strong:       	---       	Black=4} 1/2-1/2

[Event "4NCL Div 2 2024-25"]
[Site "England"]
[Date "2025.02.15"]
[Round "5.16"]
[White "Sandhu, Manvith"]
[Black "Serbanescu, Diana-Maria"]
[Result "0-1"]
[Annotator "TA"]
[ECO "C77"]
[WhiteElo "1978"]
[BlackElo "1992"]
[PlyCount "80"]
[EventDate "2024.11.23"]
[EventType "team-tourn"]
[EventCountry "ENG"]
[SourceTitle "playchess.com"]
[Source "ChessBase"]
[SourceQuality "1"]
[TimeControl "40/6000+30:3000+30"]

1. e4 e5 2. Nf3 Nc6 3. Bb5 a6 4. Ba4 Nf6 5. d3 d6 6. c3 g6 7. O-O Bg7 8. Re1 b5 {[%emt 0:01:21] C77: Ruy Lopez: 3...a6 4 Ba4 Nf6, unusual lines.} 9. Bc2 a5 $146 ({Predecessor:} 9... O-O 10. Bg5 h6 11. Bh4 Re8 12. Nbd2 Bb7 13. a4 Qb8 14. b4 Bc8 15. Nf1 Be6 16. Ne3 {1-0 Rublevsky,S (2688)-Yemelin,V (2588) RUS-chT 20th 2013 (3)}) 10. a4 b4 {[%emt 0:01:48] The position is equal.} 11. Nbd2 O-O 12. Nb3 Re8 13. d4 bxc3 14. bxc3 exd4 15. cxd4 Nb4 16. Bb1 Bb7 17. Bd2 (17. d5 $15) 17... Nxe4 $17 (17... Bxe4 18. Nxa5 Qb8 19. Nc4 $11) 18. Bxe4 Bxe4 19. Nxa5 Bxf3 20. Qxf3 Nc2 (20... Rxa5 21. Bxb4 Rxe1+ 22. Bxe1 Bxd4 23. Bxa5 $15) 21. Rxe8+ Qxe8 22. Rb1 Nxd4 ({Don't play} 22... Bxd4 23. Rc1 Bb6 24. Nb3 $11) 23. Qd5 (23. Qb7 $17) 23... Rb8 $19 24. Rxb8 Qxb8 $40 {[%emt 0:00:15][%mdl 128] Black goes for the king.} 25. h3 $2 {[%emt 0:00:06] [#]} (25. g3 $19) 25... Qb1+ 26. Kh2 Be5+ (26... Ne2 $142 27. h4 Qg1+ 28. Kh3 Qxf2 29. Qa8+ Bf8 30. Be1 Qxe1 31. Qf3 Qh1+ (31... Qxa5 $2 32. Qxe2 Qxa4 33. h5 $19) (31... Ng1+ $2 32. Kh2 $19) 32. Kg4 f5+ 33. Kg5 Be7+ 34. Kh6 Qxh4+ 35. Qh5 Qxh5#) 27. g3 Qd3 $2 ({Black should play} 27... Qf1 $19 28. Qg2 Qd1 29. Qa8+ Kg7 30. Bh6+ Kxh6 31. Qf8+ Bg7 32. Qxf7 Qxa4) 28. Qa8+ $2 {[%emt 0:01:56][%mdl 8192] This move loses the game for White.} (28. Be3 $15 Qc3 29. Kg2) 28... Kg7 {[%emt 0:01:53] Black is clearly winning. Active counter play!} 29. Be3 Nf5 30. Qf3 {[%emt 0:01:14][%cal Oe3h6] [#] And now Bh6+! would win.} Bxg3+ $1 31. fxg3 Nxe3 {[%emt 0:00:40][%mdl 4096] Endgame KQN-KQN. Black is two pawns up.} (31... Qxe3 $2 32. Qxe3 Nxe3 33. Nc6 $19) 32. Qf2 Qd4 33. Qa2 (33. Qe2 $142) 33... Nf1+ 34. Kg2 Nd2 {[%emt 0:00:21] Strongly threatening ...Qe4+.} 35. Nb3 Qd5+ 36. Kh2 Nxb3 37. a5 Qxa5 38. Qxb3 Qd2+ 39. Kg1 Qd4+ 40. Kg2 c5 {[%emt 0:00:05] Weighted Error Value: White=0.98/Black=0.53  Mistake:       	White=4     	---        Inaccurate:     	White=1     	---        OK:         	White=8     	Black=12     Best:        	White=2     	Black=3} 0-1

[Event "4NCL Div 2 2024-25"]
[Site "England"]
[Date "2025.02.15"]
[Round "5.17"]
[White "Ashton, Adam G"]
[Black "Sucikova, Svetlana"]
[Result "1-0"]
[Annotator "ChessBase"]
[ECO "A14"]
[WhiteElo "2285"]
[BlackElo "2169"]
[PlyCount "99"]
[EventDate "2024.11.23"]
[EventType "team-tourn"]
[EventCountry "ENG"]
[SourceTitle "playchess.com"]
[Source "ChessBase"]
[SourceQuality "1"]
[TimeControl "40/6000+30:3000+30"]

1. c4 e6 2. Nf3 Nf6 3. g3 b6 4. Bg2 Bb7 5. O-O c5 6. b3 Be7 7. Bb2 O-O 8. e3 d5 9. Qe2 Nbd7 10. Rd1 Qc7 11. Nc3 Rac8 12. Rac1 Qb8 13. d3 Rfd8 14. Ne1 a6 15. cxd5 exd5 16. d4 Qa8 17. Nd3 c4 18. Ne5 b5 19. Nxd7 Nxd7 20. bxc4 dxc4 21. e4 Nb6 22. a3 Bf6 23. d5 Re8 24. Qd2 Nd7 25. d6 Rcd8 26. f4 Qa7+ 27. Kh1 Bxc3 28. Qxc3 Nf6 29. e5 Ng4 30. Qd4 Bxg2+ 31. Kxg2 Qb7+ 32. Kg1 Qf3 33. Rc3 Qe2 34. Qd2 Qe4 35. h3 Nh6 36. Re3 Qc6 37. g4 Qb6 38. Kh2 a5 39. Bd4 Qa6 40. Bc3 Ra8 41. f5 Reb8 42. e6 b4 43. d7 Qb6 44. e7 Kh8 45. d8=Q+ Rxd8 46. exd8=Q+ Rxd8 47. Qxd8+ Qxd8 48. Rxd8+ Ng8 49. Rxg8+ Kxg8 50. Re8# 1-0

[Event "4NCL Div 2 2024-25"]
[Site "England"]
[Date "2025.02.15"]
[Round "5.18"]
[White "Chan, Sheng Liang Bernard"]
[Black "Longson, Alexander"]
[Result "0-1"]
[Annotator "ChessBase"]
[ECO "D00"]
[WhiteElo "2101"]
[BlackElo "2250"]
[PlyCount "60"]
[EventDate "2024.11.23"]
[EventType "team-tourn"]
[EventCountry "ENG"]
[SourceTitle "playchess.com"]
[Source "ChessBase"]
[SourceQuality "1"]
[TimeControl "40/6000+30:3000+30"]

1. d4 d5 2. Bf4 Nf6 3. e3 c5 4. c3 Nc6 5. Nd2 Bf5 6. Qb3 Qd7 7. Ngf3 c4 8. Qd1 e6 9. Be2 Be7 10. Nh4 O-O 11. O-O b5 12. Nxf5 exf5 13. b3 h6 14. a4 a6 15. Qc2 Ne4 16. bxc4 bxc4 17. f3 Nxd2 18. Qxd2 Bd6 19. e4 Na5 20. Bxd6 Qxd6 21. exd5 Nb3 22. Qa2 Nxa1 23. Rxa1 Rfc8 24. Re1 Ra7 25. Bf1 Re7 26. Rxe7 Qxe7 27. Bxc4 Qe3+ 28. Kf1 Qxc3 29. Be2 f4 30. Qb1 Qd2 0-1

[Event "4NCL Div 2 2024-25"]
[Site "England"]
[Date "2025.02.15"]
[Round "5.19"]
[White "Jackson, Edward"]
[Black "Arnott, Jonathan W"]
[Result "1-0"]
[Annotator "TA"]
[ECO "C03"]
[WhiteElo "2132"]
[BlackElo "2087"]
[PlyCount "31"]
[EventDate "2024.11.23"]
[EventType "team-tourn"]
[EventCountry "ENG"]
[SourceTitle "playchess.com"]
[Source "ChessBase"]
[SourceQuality "1"]
[TimeControl "40/6000+30:3000+30"]

1. e4 e6 2. d4 d5 3. Nd2 a5 4. Ngf3 Nf6 5. Bd3 c5 6. exd5 {[%emt 0:02:24] C03: French Tarrasch: Unusual Black 3rd moves.} exd5 7. Qe2+ $146 (7. c3 $14) ({Predecessor:} 7. dxc5 Bxc5 8. Nb3 Qe7+ 9. Qe2 Qxe2+ 10. Kxe2 Bd6 11. Nbd4 Nc6 12. Nb5 Bb8 13. c3 {½-½ Mostertman,M (2244)-Stijve,T (2396) Groningen op 60th 2024 (4)}) 7... Qe7 ({Black should try} 7... Be7 $11) 8. Bb5+ $14 {[%emt 0:00:17] White is slightly better.} Bd7 9. Ne5 Nc6 (9... a4 $14) 10. Ndf3 $16 {[%emt 0:13:01] White is more active.} Nxd4 (10... Nxe5 $16 11. Nxe5 O-O-O) 11. Nxd4 $18 cxd4 12. O-O d3 (12... O-O-O $16) 13. Bxd3 {[%emt 0:11:00] A sharp opening} (13. Qxd3 $2 {too greedy.} Qxe5 14. Bxd7+ Kxd7 $19 (14... Nxd7 $2 15. Bd2 $19)) 13... O-O-O 14. Bd2 (14. Bf4 $18) 14... Re8 (14... Ne4 $16) 15. Rfe1 {[%emt 0:01:37][%cal Oe2f3] and Qf3! would now be decisive} Ne4 $2 {[%emt 0:07:09] [#]} (15... Qc5 {was necessary.} 16. Nxd7 Rxe2 17. Nxc5 Rxe1+ (17... Rxd2 18. Bf5+ Kb8 19. Nb3 $18) 18. Rxe1 Bxc5 19. Bxa5 Kb8) 16. Nxd7 {[%emt 0:01:28] Weighted Error Value: White=0.19 (very precise) /Black=0.71  Mistake:       	White=2     	Black=6      OK:         	White=4     	---        Best:        	White=3     	---} 1-0

[Event "4NCL Div 2 2024-25"]
[Site "England"]
[Date "2025.02.15"]
[Round "5.20"]
[White "Gayson, Peter M"]
[Black "McLean, Robert"]
[Result "0-1"]
[Annotator "TA"]
[ECO "B12"]
[WhiteElo "2087"]
[BlackElo "2011"]
[PlyCount "94"]
[EventDate "2024.11.23"]
[EventType "team-tourn"]
[EventCountry "ENG"]
[SourceTitle "playchess.com"]
[Source "ChessBase"]
[SourceQuality "1"]
[TimeControl "40/6000+30:3000+30"]

1. e4 c6 2. d4 d5 3. e5 Bf5 4. Nf3 e6 5. Be2 c5 6. O-O Nc6 7. Be3 cxd4 $1 {[%emt 0:01:13] 7...cxd4 scores better than 7...Qb6.} 8. Nxd4 Nxd4 {[%emt 0:00:20] B12: Caro-Kann: Advance Variation.} 9. Qxd4 Ne7 $1 10. Bb5+ Nc6 {[%emt 0:00:07][%cal Oa7a6] The position is equal.} 11. c4 a6 12. Bxc6+ bxc6 13. cxd5 cxd5 14. Nc3 Rb8 $146 ({Predecessor:} 14... Be7 15. g4 Bg6 16. f4 f5 17. exf6 Bxf6 18. Qa4+ Qd7 19. Qxd7+ Kxd7 20. f5 Bf7 {½-½ Mushini,A (2265)-Bryakin,M (2437) Pozarevac Rudar 6th 2022 (6)}) 15. Qa4+ Qd7 16. Qxa6 Be7 17. Na4 (17. Ne2 $1 $14) 17... O-O $11 18. Nb6 Qd8 19. Bd4 f6 $1 20. f4 g5 {[%emt 0:03:12] [#]} (20... Be4 $11) 21. Qa7 $2 (21. a4 $1 $16) 21... gxf4 (21... Rf7 $15 22. Nd7 (22. exf6 $2 Bc5 $19) 22... Rb4) 22. Nd7 $1 Ra8 23. Qb7 (23. Nxf6+ $2 Bxf6 24. Qb7 Bg5 $19) 23... Rf7 (23... fxe5 $1 $11 24. Nxe5 (24. Bxe5 Rf7 $16) 24... Bf6) 24. Qb5 (24. Nxf6+ $2 Bxf6 25. Qb3 Bg5 $19) (24. exf6 $2 Bd6 25. Qc6 Rxd7 $19 (25... Qxd7 26. Qxa8+ Rf8 27. Qa5 $16)) (24. Rxf4 $16 {Black must now prevent a4.} Ra4 25. Bb6 (25. Nxf6+ $2 Bxf6 26. Qb3 Rxd4 $19) (25. exf6 $2 Bd6 $19)) 24... fxe5 (24... Qe8 $1 $11 {remains equal.} 25. a4 (25. Rxf4 fxe5 26. Bxe5 Qxd7 $19) (25. Nxf6+ Bxf6 26. Qxe8+ Rxe8 $15) (25. exf6 $2 Bd6 $19) 25... Be4 (25... fxe5 26. Nxe5 Rf8 27. Qxe8 $18)) 25. Nxe5 $16 Bf6 26. Nc6 $2 (26. Nxf7 $2 Bxd4+ 27. Kh1 Kxf7 28. Rxf4 Rb8 $19) (26. Rxf4 $16 {and life is bright.} Rg7 27. Rf2) 26... Bxd4+ (26... Qc7 $17 27. Bxf6 Rxf6) 27. Nxd4 $11 Qd6 28. Nxf5 Rxf5 29. Qe2 Raf8 30. Rac1 e5 31. Rcd1 (31. a4 $11) 31... Qc5+ (31... e4 $6 32. Qxe4 dxe4 33. Rxd6 $11) 32. Kh1 e4 33. Rc1 ({Better is} 33. a4 $15) 33... Qd6 $36 {[%emt 0:01:14][%mdl 2048] Black has strong initiative.} 34. Qg4+ {[%emt 0:01:09] [#]} (34. b3 $17) 34... Qg6 (34... Kh8 $1 $19 {Threatens to win with ...d4.} 35. a4 e3) 35. Qxg6+ (35. Qe2 $17) 35... hxg6 {[%emt 0:00:04][%mdl 4096] Endgame KRR-KRR} 36. Rfd1 Ra8 37. a3 (37. Ra1 $17) 37... Ra4 (37... Kf7 $19 38. Kg1 e3) 38. Rc5 $2 {[%emt 0:01:26] This costs White the game.} (38. Kg1 $17) 38... d4 $19 39. Rxf5 (39. Rc8+ {was necessary.} Kf7 40. g3) 39... gxf5 {[%emt 0:00:04] KR-KR} 40. Kg1 d3 41. g3 (41. Kf1 $142) 41... f3 42. Kf2 Rc4 43. b4 Rc2+ 44. Ke3 Re2+ 45. Kd4 f2 46. Rf1 d2 {[%emt 0:00:25] ( -> ...Re1)} 47. b5 Re1 {[%emt 0:00:12] Weighted Error Value: White=1.26/Black=0.40  Loses game:     	White=1     	---        Mistake:       	White=11    	Black=7      Inaccurate:     	White=4     	Black=5      OK:         	White=11    	Black=4      Best:        	White=1     	Black=8      Strong:       	White=1     	Black=2} 0-1

[Event "4NCL Div 2 2024-25"]
[Site "England"]
[Date "2025.02.15"]
[Round "5.21"]
[White "Rawlinson, Aidan M"]
[Black "Rich, Aaron"]
[Result "1/2-1/2"]
[Annotator "TA"]
[ECO "B00"]
[WhiteElo "2076"]
[BlackElo "1919"]
[PlyCount "95"]
[EventDate "2024.11.23"]
[EventType "team-tourn"]
[EventCountry "ENG"]
[SourceTitle "playchess.com"]
[Source "ChessBase"]
[SourceQuality "1"]
[TimeControl "40/6000+30:3000+30"]

1. d4 b6 2. e4 Bb7 3. Bd3 e6 4. Nf3 c5 5. c3 Ne7 6. O-O {[%emt 0:02:08] B00: Queen's Fianchetto Defence, Nimzowitsch Defence.} Ng6 7. Re1 Be7 8. dxc5 $146 {[%emt 0:07:26] White is slightly better.} ({Predecessor:} 8. d5 O-O 9. c4 Na6 10. a3 d6 11. Nc3 Nc7 12. Rb1 Bf6 13. Bd2 Rb8 14. b4 {0-1 Estrada Nieto,J (2280)-Czopor,M (2427) Titled Tuesday intern op 16th Nov blitz 2021 (10)}) 8... bxc5 9. Na3 Nc6 10. e5 d5 (10... Rb8 $11 {keeps the balance.}) 11. exd6 $16 Bxd6 12. Nc4 Bc7 13. Qe2 (13. Be3 $16) 13... Nf4 ({Black should try} 13... O-O $14) 14. Bxf4 Bxf4 15. Be4 Qc7 16. g3 Bh6 17. Rad1 $36 {[%emt 0:01:31][%mdl 2048] [#] Black is under strong pressure.} O-O 18. Nd6 {[%emt 0:00:40] White is much more active. A dynamic duo of knights.} Na5 (18... Rab8 $16) 19. Nxb7 Nxb7 {[%emt 0:00:07] Black is weak on the light squares} 20. Qa6 Rab8 21. Qxa7 (21. Ne5 $1 $18 {is the precise move to win.} Rbd8 22. Qxb7 Rxd1 23. Bxh7+ (23. Qxc7 Rxe1+ 24. Kg2 Rxe4 $18) (23. Rxd1 Qxe5 24. Bf3 Qf5 $16) 23... Kxh7 24. Qxc7 Rxe1+ 25. Kg2) 21... f5 (21... g6 $16 22. b4 Bg7) 22. Bxb7 $18 Rxb7 (22... Qxb7 $142 23. Qxb7 (23. Qxc5 Qxf3 24. b4 f4 $19) 23... Rxb7) 23. Qa6 Rxb2 24. Qxe6+ Qf7 {[%emt 0:01:10][%cal Of7e6] [#]} 25. Qxf7+ (25. Qd6 $1 $18 {And now Ne5 would win.} g6 26. Ne5 (26. Qxc5 Ra8 $18) 26... Qxa2 27. Ra1 (27. Qxc5 Bg7 $18)) 25... Rxf7 $16 26. Ne5 ({White should try} 26. Ra1) 26... Rf8 27. Nd7 Rc8 28. a4 Bd2 29. Re5 Bxc3 30. Rxc5 Rxc5 31. Nxc5 $11 {[%emt 0:00:01][%mdl 4096] Endgame KRB-KRN. White is a pawn up.} Kf7 32. Kg2 Ra2 33. Kf3 Bb4 34. Rd7+ Ke8 35. Rd5 g6 {[%emt 0:01:06] The position is equal.} 36. Nd3 Rxa4 37. Rd4 Ra3 $1 38. Rxb4 Rxd3+ {[%emt 0:00:15] KR-KR} 39. Kf4 Rd2 40. Kg5 Rxf2 41. Rb8+ Ke7 42. Rb7+ Ke6 43. Rxh7 f4 44. g4 f3 45. Rh6 Kf7 46. Kf4 Rf1 47. Kg3 f2 48. Kg2 {[%emt 0:00:00] Black escapes into a draw.   Weighted Error Value: White=0.19 (very precise) /Black=0.24 (precise)   Mistake:       	White=4     	Black=5      Inaccurate:     	White=3     	Black=2      OK:         	White=18    	Black=12     Best:        	White=3     	Black=6      Strong:       	---       	Black=1} 1/2-1/2